 Dungeon Crawl Stone Soup version 0.23.1 (webtiles) character file.

Game seed: 11832170968554579722

65 Borgoz the Sneak (level 4, -5/34 HPs)
             Began as a Ghoul Enchanter on Mar 14, 2019.
             Slain by Crazy Yiuf
             ... wielding a +3 quarterstaff of chaos
              (13 damage)
             ... on level 2 of the Dungeon.
             The game lasted 00:03:41 (2066 turns).

Borgoz the Sneak (Ghoul Enchanter)                  Turns: 2066, Time: 00:03:41

Health: -5/34      AC:  5    Str: 11    XL:     4   Next: 13%
Magic:  4/5        EV: 10    Int: 10    God:
Gold:   212        SH:  0    Dex: 10    Spells: 5/6 levels left

rFire    . . .     SeeInvis .   i - +0 short sword
rCold    + . .     Gourm    .   (no shield)
rNeg     + + +     Faith    .   g - +0 ring mail (curse)
rPois    ∞         Spirit   .   (no helmet)
rElec    .         Reflect  .   (no cloak)
rCorr    .         Harm     .   (no gloves)
MR       .....                  (no boots)
Stlth    ++........             (no amulet)
HPRegen  0.00/turn              (no ring)
MPRegen  0.09/turn              (no ring)

@: very slightly contaminated, rotting
A: rotting body, claws 1, carnivore, cold resistance 1, negative energy
resistance 3, inhibited regeneration, torment resistance, unbreathing
a: no special abilities


You were on level 2 of the Dungeon.
You were not hungry.

You visited 1 branch of the dungeon, and saw 2 of its levels.

You collected 212 gold pieces.

Inventory:

Hand Weapons
 i - a +0 short sword (weapon)
Armour
 g - a cursed +0 ring mail (worn)
Jewellery
 k - an uncursed amulet of faith {unknown}
Wands
 j - a wand of flame (10)
Scrolls
 c - a scroll of identify
 e - 2 scrolls of amnesia
 h - a scroll of remove curse
Potions
 b - a potion of cancellation
Comestibles
 d - 6 rations


   Skills:
 + Level 0.8 Fighting
 * Level 1.5 Short Blades
 * Level 1.3 Armour
 * Level 2.2 Dodging
 + Level 3.6 Stealth
 + Level 1.8 Spellcasting
 * Level 2.8 Hexes


You had 5 spell levels left.
You knew the following spells:

 Your Spells              Type           Power        Failure   Level  Hunger
a - Corona                Hex            #......      24%         1    ##.....

Your spell library contained the following spells:

 Spells                   Type           Power        Failure   Level  Hunger
 Confusing Touch          Hex            #.....       24%         1    ##.....
 Slow                     Hex            #.......     34%         2    ###....
 Ensorcelled Hibernation  Hex/Ice        #.....       54%         2    ###....
 Confuse                  Hex            #.......     56%         3    ####...
 Tukima's Dance           Hex            #.......     56%         3    ####...
 Magic Dart               Conj           #...         58%         1    ##.....
 Blink                    Tloc           N/A          75%         2    ###....
 Call Imp                 Summ           #.......     75%         2    ###....
 Dazzling Spray           Conj/Hex       #.....       77%         3    ####...
 Conjure Flame            Conj/Fire      #.......     92%         3    ####...
 Gell's Gravitas          Tloc           #.........   92%         3    ####...
 Mephitic Cloud           Conj/Pois/Air  #.......     92%         3    ####...
 Petrify                  Tmut/Erth      #.......     100%        4    #####..
 Metabolic Englaciation   Hex/Ice        #.........   100%        5    ######.
 Yara's Violent Unravell  Hex/Tmut       #.........   100%        5    ######.


Dungeon Overview and Level Annotations

Branches:
Dungeon (2/15)

Altars:
Uskayaw

Annotations:
D:2 Crazy Yiuf


Innate Abilities, Weirdness & Mutations

Your body is rotting away.
You thrive on raw meat.
You are immune to poison.
You have sharp fingernails.
You are carnivorous and can eat meat at any time.
Your flesh is cold resistant. (rC+)
You are immune to negative energy. (rN+++)
You do not regenerate when monsters are visible.
You are immune to unholy pain and torment.
You can survive without breathing.


Message History

Crazy Yiuf is lightly wounded.
Crazy Yiuf barely misses you.
You closely miss Crazy Yiuf.
Crazy Yiuf is lightly wounded.
Crazy Yiuf hits you with a +3 quarterstaff of chaos.
You hit Crazy Yiuf but do no damage.
Crazy Yiuf is lightly wounded.
Crazy Yiuf says, "Rifle!"
Crazy Yiuf hits you with a +3 quarterstaff of chaos.
You convulse.
* * * LOW HITPOINT WARNING * * *
You feel better.
Crazy Yiuf hits you with a +3 quarterstaff of chaos.
Crazy Yiuf freezes you.
You hit Crazy Yiuf.
Crazy Yiuf is moderately wounded.
Crazy Yiuf hits you with a +3 quarterstaff of chaos.
* * * LOW HITPOINT WARNING * * *
Space warps horribly around you!
You die...

#.#
#.#.#.#.....
#.#
#.#.#.#.....
#.#
#.#...#.....
#.# #####
#.#####.#'##
#.# #..)#
#.......#.#
#.#### #...#
#..######.#
#....# ...
#..'.####.#
###### #g#
#..#......#
##@#
####......#
#.##
#......#
##.#
##.....#
#.## #.....#
##.##
#####...(.#
#...##
#.........#
#..P.#
#.#####'#.#
#....# #.#
#.#.#
##..#####.#
#)#.##


You could see Crazy Yiuf.

Vanquished Creatures
  2 leopard geckos (D:1)
  A ball python (D:2)
  4 giant cockroaches
  11 goblins
  4 hobgoblins (D:1)
  3 jackals (D:2)
  12 kobolds
  9 bats
  4 frilled lizards
  8 rats
58 creatures vanquished.

Vanquished Creatures (others)
  4 toadstools (D:1)
4 creatures vanquished.

Grand Total: 62 creatures vanquished

Notes
Turn   | Place    | Note
-------+----------+-------------------------------------------
     0 | D:1      | Borgoz the Ghoul Enchanter began the quest for the Orb.
     0 | D:1      | Reached XP level 1. HP: 14/14 MP: 2/2
   110 | D:1      | Reached skill level 1 in Short Blades
   115 | D:1      | Reached XP level 2. HP: 13/20 MP: 3/3
   990 | D:1      | Reached XP level 3. HP: 27/27 MP: 4/4
  1260 | D:2      | Reached skill level 1 in Armour
  1327 | D:2      | Found a runed translucent door.
  1328 | D:2      | Noticed Crazy Yiuf
  1415 | D:2      | Noticed a +0 dagger
  1422 | D:2      | Noticed a +0 dagger
  1423 | D:2      | Found a hide-covered altar of Uskayaw.
  1700 | D:2      | Reached XP level 4. HP: 29/34 MP: 5/5
  2066 | D:2      | Slain by Crazy Yiuf

Skill      XL: |  1  2  3 |
---------------+----------+-----
Short Blades   | 1 |  1.5
Dodging        | 2 |  2.2
Armour         | 1 |  1.3
Fighting       | |  0.8
Stealth        | |  3.6
Spellcasting   | |  1.8
Hexes          | |  2.8

Action                   |  1- 3 |  4- 6 || total
-------------------------+-------+-------++-------
Melee: Dagger            |   153 |       ||   153
       Short sword       |    51 |    29 ||    80
  Use: Scroll            |     2 |     3 ||     5
       Potion            |       |     1 ||     1
 Stab: Sleeping          |     9 |       ||     9
  Eat: Chunk             |    18 |     2 ||    20
Armor: Robe              |    12 |       ||    12
       Ring mail         |    68 |    15 ||    83
Dodge: Dodged            |   140 |    22 ||   162
